 Dungeon Crawl Stone Soup version 0.30-a0-777-ga9a30cbeda (webtiles) character file.

Game seed: 5008587429637366624

121 sircluck the Covert (level 4, -1/23 HPs)
             Began as a Spriggan Brigand on Feb 13, 2023.
             Succumbed to a water moccasin's poison
             ... on level 3 of the Dungeon.
             The game lasted 00:08:36 (2728 turns).

sircluck the Covert (Spriggan Brigand)              Turns: 2728, Time: 00:08:37

Health: -1/23      AC:  3    Str:  7    XL:     4   Next: 76%
Magic:  5/5        EV: 17    Int: 12    God:
Gold:   133        SH:  0    Dex: 18    Spells: 3/3 levels left

rFire   . . .      SeeInvis +    a - +2 dagger
rCold   . . .      Faith    .    (no shield)
rNeg    . . .      Spirit   .    b - +0 robe
rPois   .          Reflect  .    (helmet restricted)
rElec   .          Harm     .    c - +0 cloak
rCorr   .          Rampage  .    (gloves unavailable)
Will    .....                    (boots unavailable)
Stlth   ++++                     (no amulet)
HPRegen 0.23/turn                (no ring)
MPRegen 0.09/turn                (no ring)

@: lethally poisoned (-1 -> -8), attractive, very quick
A: very small, no large weapons, unfitting armour, see invisible, speed 3
a: no special abilities


You were on level 3 of the Dungeon.
You visited 1 branch of the dungeon, and saw 3 of its levels.

You collected 133 gold pieces.

Inventory:

Hand Weapons
 a - a +2 dagger (weapon)
Missiles
 f - 45 stones (quivered)
Armour
 b - a +0 robe (worn)
 c - a +0 cloak (worn)
Magical Staves
 l - a staff of conjuration
Jewellery
 j - a ring of fire
Scrolls
 g - 3 scrolls of identify {unknown}
 i - a scroll of magic mapping {unknown}
 k - 2 scrolls of teleportation {unknown}
 m - 3 scrolls of immolation {unknown}
 o - a scroll of vulnerability {unknown}
 p - a scroll of enchant weapon {unknown}
 q - a scroll of poison {unknown}
 t - a scroll of torment {unknown}
Potions
 h - 2 potions of attraction
 n - a potion of brilliance {unknown}
 r - a potion of mutation {unknown}
 s - 2 potions of curing {unknown}
 u - a potion of invisibility {unknown}


   Skills:
 + Level 1.9 Fighting
 + Level 3.1 Short Blades
 + Level 2.3 Throwing
 + Level 2.2 Dodging
 + Level 8.1 Stealth


You had 3 spell levels left.
You didn't know any spells.
Your spell library was empty.

Dungeon Overview and Level Annotations

Branches:
Dungeon (3/15)

Altars:
Dithmenos
Uskayaw
Vehumet
The Shining One

Shops:
D:3 ?


Innate Abilities, Weirdness & Mutations

You are very small and have problems with some larger weapons.
You are too small for most types of armour.
You have supernaturally acute eyesight. (SInv)
You cover ground extremely quickly. (Speed+++)


Message History

The water moccasin is lightly wounded.
The water moccasin closely misses you.
You throw a stone. The stone hits the water moccasin.
The water moccasin is moderately wounded.
The water moccasin bites you. The water moccasin misses you.
You throw a stone.
The stone barely misses the water moccasin.
The water moccasin barely misses you.
You barely miss the water moccasin.
The water moccasin is moderately wounded.
The water moccasin barely misses you.
You barely miss the water moccasin.
The water moccasin is lightly wounded.
The water moccasin bites you.
You are poisoned.
The water moccasin poisons you! The water moccasin misses you.
You throw a stone.
The stone barely misses the water moccasin.
You feel very sick. The water moccasin barely misses you.
You throw a stone.
The stone hits the water moccasin but does no damage.
The water moccasin is lightly wounded.
You feel sick. The water moccasin bites you.
You are lethally poisoned!
The water moccasin poisons you!
You are too injured to fight recklessly!
You feel sick. The water moccasin misses you.
* * * LOW HITPOINT WARNING * * *
You feel sick.
* * * LOW HITPOINT WARNING * * *
You feel sick.
Found a scroll labelled SUCAXA KAUGOMU.
* * * LOW HITPOINT WARNING * * *
You feel sick.
* * * LOW HITPOINT WARNING * * *
You feel sick.
It was a potion of attraction.
You feel attractive to monsters.
You die...

.<.........##..#.#.#...###
#...........#...∩.∩....#
......#.#.#.#.........##
..........#.....∩.∩#..###
........................#
#........ ###.....#......
#...#.#.. ##.####B.####
..[...... #.S# .#
......... ##@# .#
....#.##. #.# # ....#.#
... ......# #..## ....♣♣♣
?... ...P.♣ ♣#..# P♣..PP♣
.... ♣♣.♣♣♣♣ #... ♣..P


You could see a water moccasin.

Vanquished Creatures
  2 gnolls (D:3)
  2 adders (D:2)
  3 worms
  2 dart slugs
  8 endoplasms
  3 giant cockroaches
  3 hobgoblins
  9 kobolds
  10 quokkas
  7 ball pythons
  3 bats (D:1)
  A frilled lizard (D:2)
  5 goblins (D:1)
  8 rats
66 creatures vanquished.

Vanquished Creatures (others)
  2 plants (D:3)
2 creatures vanquished.

Grand Total: 68 creatures vanquished

Notes
Turn   | Place    | Note
-------+----------+-------------------------------------------
     0 | D:1      | sircluck the Spriggan Brigand began the quest for the Orb.
     0 | D:1      | Reached XP level 1. HP: 10/10 MP: 2/2
    93 | D:1      | Reached skill level 6 in Stealth
   242 | D:1      | Reached XP level 2. HP: 10/14 MP: 3/3
   431 | D:1      | Reached skill level 7 in Stealth
   570 | D:1      | Reached XP level 3. HP: 14/18 MP: 4/4
  1073 | D:1      | You fall into a shaft and drop 1 floor!
  1605 | D:2      | Reached XP level 4. HP: 17/23 MP: 5/5
  1763 | D:2      | Found a faded altar of an unknown god.
  2155 | D:3      | Found a hide-covered altar of Uskayaw.
  2207 | D:3      | Found a radiant altar of Vehumet.
  2209 | D:3      | Found a shadowy altar of Dithmenos.
  2266 | D:3      | Found a glowing golden altar of the Shining One.
  2318 | D:3      | Reached skill level 8 in Stealth
  2470 | D:3      | Noticed a water moccasin
  2706 | D:3      | Found Pileh's Magic Scroll Boutique.
  2727 | D:3      | HP: 1/23 [poisoned by a water moccasin]
  2728 | D:3      | Succumbed to a water moccasin's poison

Illustrated notes

Levels and vault maps discovered:
D:1:      dpeg_chamrin_arrival_tetris, layout_loops_ring, serial_bayou,
          serial_bayou_shore_a, serial_bayou_pond_e, serial_bayou_pond_e,
          serial_bayou_pond_a
D:2:      layout_loops_corners, ebering_ecumenical_altar_hall
D:3:      wad_woods_tower, layout_basic, nicolae_overflow_hidden_temple,
          serial_shops, nicolae_shop_competitors_out_of_business, uniq_terence

Skill      XL: |  1  2  3  4 |
---------------+-------------+-----
Stealth        | 6 7 8 |  8.1
Dodging        | 2 |  2.2
Short Blades   | 3 |  3.1
Fighting       | |  1.9
Throwing       | |  2.3

Action                     |  1- 3 |  4- 6 || total
---------------------------+-------+-------++-------
  Melee: Dagger            |   139 |    70 ||   209
         Punch             |     3 |     1 ||     4
  Throw: Dart              |    12 |    23 ||    35
         Stone             |       |    13 ||    13
    Use: Potion            |       |     1 ||     1
   Stab: Sleeping          |    16 |    10 ||    26
         Distracted        |     2 |       ||     2
 Armour: Robe              |    19 |     2 ||    21
  Dodge: Dodged            |    66 |    41 ||   107

Table legend: (Time is in decaauts)
 A = Elapsed time spent in this place.
 B = Non-inter-level travel time spent in this place.
 C = Inter-level travel time spent in this place.
 D = Time resting spent in this place.
 E = Time spent auto-exploring this place.
 F = Levels seen in this place.
 G = Mean time per level.
                   A        B        C        D        E       F      G
               +--------+--------+--------+--------+--------+-----+--------+
         Total |   1843 |   1690 |    153 |      0 |   1028 |   3 |  614.3 |
       Dungeon |   1843 |   1690 |    153 |      0 |   1028 |   3 |  614.3 |
               +--------+--------+--------+--------+--------+-----+--------+

Top non-repeatable levels by time:
     D:1: 727 daAuts
     D:2: 588 daAuts
     D:3: 528 daAuts
